 Dungeon Crawl Stone Soup version 0.24-a0-22-g2a401c0 (console) character file.

Game seed: 8963906814081449040

158 Voker57 the Slasher (level 5, 0/41 HPs)
             Began as a Demonspawn Gladiator on Feb 1, 2019.
             Slain by a centaur skeleton (1 damage)
             ... on level 4 of the Dungeon.
             The game lasted 00:07:20 (3179 turns).

Voker57 the Slasher (Demonspawn Gladiator)          Turns: 3179, Time: 00:07:21

Health: 0/41       AC:  4    Str: 15    XL:     5   Next: 16%
Magic:  0/5        EV: 13    Int:  9    God:
Gold:   119        SH:  0    Dex: 15    Spells: 4/4 levels left

rFire    + . .     SeeInvis .   a - +0 long sword
rCold    . . .     Gourm    .   (no shield)
rNeg     . . .     Faith    .   b - +1 leather armour
rPois    .         Spirit   +   (helmet restricted)
rElec    .         Reflect  .   (no cloak)
rCorr    .         Harm     .   (no gloves)
MR       .....                  (no boots)
Stlth    +.........             (no amulet)
HPRegen  0.13/turn              n - ring of protection from fire
MPRegen  0.09/turn              (no ring)

@: lethally poisoned (0 -> -22)
A: horns 1, powered by death 1, magic shield
a: no special abilities


You were on level 4 of the Dungeon.
You were not hungry.

You visited 1 branch of the dungeon, and saw 4 of its levels.

You collected 119 gold pieces.

Inventory:

Hand Weapons
 a - a +0 long sword (weapon)
 k - a +0 whip of electrocution
Missiles
 d - a throwing net (quivered)
 l - 6 javelins
Armour
 b - a +1 leather armour (worn)
 c - a +0 helmet
Jewellery
 j - a cursed ring of attention
 n - a ring of protection from fire (left hand)
 q - a cursed ring of protection from magic
Scrolls
 e - a scroll of random uselessness
 i - a scroll of enchant weapon {unknown}
 m - 3 scrolls of teleportation
 o - a scroll of fear {unknown}
 p - a scroll of amnesia {unknown}
 r - a scroll of immolation {unknown}
Potions
 g - a potion of flight
 s - a potion of mutation {unknown}
Comestibles
 f - 3 rations
 t - a chunk of flesh


   Skills:
 + Level 3.1 Fighting
 * Level 4.2 Long Blades
 - Level 1.7 Throwing
 + Level 3.5 Dodging


You had 4 spell levels left.
You didn't know any spells.
Your spell library was empty.

Dungeon Overview and Level Annotations

Branches:
Dungeon (4/15)
 Temple: D:4-7

Altars:


Innate Abilities, Weirdness & Mutations

You have a pair of small horns on your head.
You regenerate a little health from kills.
When hurt, damage is shared between your health and your magic reserves.


Message History

The centaur skeleton is heavily damaged.
It was a potion of flight.
You feel very buoyant.
You fly up into the air.
* * * LOW HITPOINT WARNING * * *
You feel sick.
The centaur skeleton closely misses you.
You riposte.
You hit the centaur skeleton.
The centaur skeleton is severely damaged.
The worker ant barely misses you.
The centaur skeleton closely misses you.
It was a potion of cancellation.
Your magical effects are unravelling.
You feel magically purged.
You float gracefully downwards.
* * * LOW HITPOINT WARNING * * *
You feel sick. The worker ant bites you.
* * * LOW HITPOINT WARNING * * *
You are more poisoned.
The worker ant poisons you! The centaur skeleton hits you.
You die...

#### #..##
#...# #...#
####.<##
##......##
##........#
#....Z@#....#
##....a####...
#.....# ...#
#####..# ...
#..# .# ..##
... ... ...


You could see a worker ant and a centaur skeleton.

Vanquished Creatures
  An orc wizard (D:3)
  A howler monkey zombie (D:3)
  3 adders
  2 oozes (D:1)
  2 worms (D:2)
  2 dart slugs
  4 leopard geckos
  4 orcs (D:3)
  3 giant cockroaches
  6 goblins
  8 hobgoblins
  5 jackals
  A quokka (D:2)
  A ball python (D:2)
  8 bats
  6 frilled lizards
  4 kobolds
  10 rats
71 creatures vanquished.

Notes
Turn   | Place    | Note
-------+----------+-------------------------------------------
     0 | D:1      | Voker57 the Demonspawn Gladiator began the quest for the
                  | Orb.
     0 | D:1      | Reached XP level 1. HP: 16/16 MP: 1/1
   191 | D:1      | Reached skill level 3 in Long Blades
   191 | D:1      | Gained mutation: You have a pair of small horns on your
                  | head. [demonic ancestry]
   191 | D:1      | Reached XP level 2. HP: 15/22 MP: 2/2
   893 | D:1      | Reached XP level 3. HP: 27/28 MP: 3/3
  1577 | D:2      | HP: 1/28 [goblin/+0 dagger (4)]
  1597 | D:2      | Gained mutation: When hurt, damage is shared between your
                  | health and your magic reserves. [demonic ancestry]
  1597 | D:2      | Reached XP level 4. HP: 3/34 MP: 4/4
  1994 | D:2      | You fall through a shaft!
  2158 | D:3      | Reached skill level 4 in Long Blades
  2501 | D:3      | Gained mutation: You regenerate a little health from kills.
                  | [demonic ancestry]
  2501 | D:3      | Reached XP level 5. HP: 35/41 MP: 3/5
  3179 | D:4      | HP: 2/41 [poisoned by a worker ant]
  3179 | D:4      | Slain by a centaur skeleton

Vault maps used:
D:1:      sevenhm_arrival_forest_fort_small_1
D:2:      kennysheep_boxes
D:3:      minivault_11, feat_on_display
D:4:      first_ration

Skill      XL: |  1  2  3  4 |
---------------+-------------+-----
Long Blades    | 3 4 |  4.2
Dodging        | 3 |  3.5
Fighting       | 3 |  3.1
Throwing       | |  1.7

Action                   |  1- 3 |  4- 6 || total
-------------------------+-------+-------++-------
Melee: Long sword        |   105 |   101 ||   206
       Headbutt          |    14 |    17 ||    31
Throw: Throwing net      |     3 |     3 ||     6
       Javelin           |     1 |     5 ||     6
  Use: Scroll            |     2 |     2 ||     4
       Potion            |       |     2 ||     2
 Stab: Held in net/web   |       |     1 ||     1
       Sleeping          |       |     1 ||     1
  Eat: Chunk             |     1 |     3 ||     4
       Ration            |       |     1 ||     1
Armor: Leather armour    |    24 |    37 ||    61
Dodge: Dodged            |    91 |   106 ||   197
       Rpst.: Long sword |    30 |    26 ||    56

Table legend:
 A = Non-vault XP
 B = Vault XP
 C = Vault XP percentage of total XP
 D = Non-vault monster count
 E = Vault monster count
 F = Vault count percentage of total count
                 A         B        C        D         E       F
            +---------+---------+-------+---------+---------+-------
      Total |     226 |       0 |   0.0 |      71 |       0 |   0.0
            +---------+---------+-------+---------+---------+-------
        D:1 |      41 |       0 |   0.0 |      19 |       0 |   0.0
        D:2 |      78 |       0 |   0.0 |      28 |       0 |   0.0
        D:3 |     107 |       0 |   0.0 |      24 |       0 |   0.0
            +---------+---------+-------+---------+---------+-------
